 Dungeon Crawl Stone Soup version 0.29.1-15-g9cfb28693d (webtiles) character file.

Game seed: 16058779307247819553

225 Artool the Trooper (level 5, 26/42 HPs)
             Began as a Demonspawn Fighter on Apr 6, 2023.
             Quit the game on level 3 of the Dungeon.
             The game lasted 00:05:02 (2808 turns).

Artool the Trooper (Demonspawn Fighter)             Turns: 2808, Time: 00:05:02

Health: 26/42      AC: 10    Str: 18    XL:     5   Next: 68%
Magic:  5/5        EV:  9    Int: 10    God:
Gold:   139        SH:  4    Dex: 12    Spells: 4/4 levels left

rFire   . . .      SeeInvis .   a - +0 flail
rCold   . . .      Faith    .   c - +0 buckler
rNeg    . . .      Spirit   .   b - +0 scale mail
rPois   +          Reflect  .   (no helmet)
rElec   .          Harm     .   (no cloak)
rCorr   .          Rampage  .   (no gloves)
Will    .....                   (no boots)
Stlth   ..........              (no amulet)
HPRegen 0.14/turn               k - ring of poison resistance
MPRegen 0.09/turn               (no ring)

@: no status effects
A: hooves 1, slimy green scales 2
a: no special abilities


You were on level 3 of the Dungeon.
You visited 1 branch of the dungeon, and saw 3 of its levels.
You also visited: Sewer.

You collected 139 gold pieces.

Inventory:

Hand Weapons
 a - a +0 flail (weapon)
Armour
 b - a +0 scale mail (worn)
 c - a +0 buckler (worn)
 n - a +0 plate armour
Jewellery
 k - a ring of poison resistance (left hand)
Scrolls
 e - a scroll of enchant armour {unknown}
 f - 2 scrolls of amnesia
 g - 4 scrolls of identify {unknown}
 i - 3 scrolls of poison
Potions
 d - a potion of might
 h - 6 potions of flight


   Skills:
 + Level 4.1 Fighting
 + Level 3.1 Maces & Flails
 + Level 3.7 Armour
 + Level 3.7 Shields


You had 4 spell levels left.
You didn't know any spells.
Your spell library contained the following spells:

 Spells                   Type           Power      Damage    Failure   Level
 Necrotise                Necr           0%         1d4       83%         1
 Vampiric Draining        Necr           0%         2d6       99%         3
 Agony                    Necr           0%         N/A       100%        5


Dungeon Overview and Level Annotations

Branches:
Dungeon (3/15)              Sewer (visited)

Altars:


Innate Abilities, Weirdness & Mutations

You have large cloven feet.
You are mostly covered in slimy green scales. (AC +3)


Message History

A goblin comes into view. It is wielding a +0 club.
There are monsters nearby!
The hobgoblin hits you.
You see here a +0 dagger.
A hobgoblin is nearby!
You closely miss the hobgoblin.
You kick the hobgoblin, but do no damage.
The hobgoblin closely misses you.
The hobgoblin hits you but does no damage.
A hobgoblin is nearby!
You hit the hobgoblin.
You kill the hobgoblin!
A goblin is nearby!
The goblin shouts!
The goblin unwields a +0 club.
The goblin wields a +0 sling.
The goblin shoots a sling bullet.
The sling bullet barely misses you.
You hear a shout!
The goblin shoots a sling bullet.
The sling bullet hits you but does no damage.
A goblin is nearby!
The goblin shoots a sling bullet.
The sling bullet closely misses you.
A goblin is nearby!
An orc comes into view. It is wielding a +0 flail.
The goblin shoots a sling bullet.
The sling bullet hits you.
The goblin shoots a sling bullet.
The sling bullet hits you but does no damage.
Items here: $ )) = ? [[ †.
There are monsters nearby!
The goblin unwields a +0 sling.
The goblin wields a +0 club.
The goblin hits you but does no damage.
You hit the orc. Your kick misses the orc.
The orc is almost dead.
The orc hits you but does no damage. You block the goblin's attack.
You completely miss the orc. You kick the orc.
You kill the orc!
The goblin closely misses you.
You hit the goblin.
You kill the goblin!
No target in view!
Are you sure you want to abandon this character and quit the game? (Confirm with "yes".)

.............# #
.............## ##
.............. .#
............## # .#
#............##.### .#
##.^.......#......#
.##.......).....##....#
.#..###..##..#)†.)#...#
#..####.# #....)@).#
#.###...# #.####.#...#
......###
#...##........ ..#####
##.......##.... .##
##..##..... ... ##
####..## ###... .. ##
##....## ...# .
.####..#### ...#
[#....##


There were no monsters in sight!

Vanquished Creatures
  2 orc wizards (D:3)
  6 adders
  4 river rats (Sewer)
  A worm (D:2)
  2 orcs (D:3)
  9 ball pythons
  16 bats
  5 endoplasms
  4 giant cockroaches
  7 goblins
  8 hobgoblins
  2 jackals (Sewer)
  4 quokkas
  4 frilled lizards (Sewer)
  2 kobolds
  5 rats
81 creatures vanquished.

Notes
Turn   | Place    | Note
-------+----------+-------------------------------------------
     0 | D:1      | Artool the Demonspawn Fighter began the quest for the Orb.
     0 | D:1      | Reached XP level 1. HP: 18/18 MP: 1/1
    23 | D:1      | Found a faded altar of an unknown god.
    91 | D:1      | Gained mutation: You are partially covered in slimy green
                  | scales. (AC +2) [demonic ancestry]
    91 | D:1      | Reached XP level 2. HP: 24/24 MP: 2/2
   357 | D:1      | You fall into a shaft and drop 1 floor!
   666 | D:2      | Reached XP level 3. HP: 27/29 MP: 3/3
  1505 | D:3      | Found a glowing drain.
  1524 | Sewer    | Entered a sewer
  1702 | Sewer    | Gained mutation: You have large cloven feet. [demonic
                  | ancestry]
  1702 | Sewer    | Reached XP level 4. HP: 35/35 MP: 4/4
  2025 | Sewer    | Gained mutation: You are mostly covered in slimy green
                  | scales. (AC +3) [demonic ancestry]
  2025 | Sewer    | Reached XP level 5. HP: 6/42 MP: 5/5
  2759 | D:3      | Reached skill level 4 in Fighting
  2808 | D:3      | Quit the game

Illustrated notes

Levels and vault maps discovered:
D:1:      minmay_arrival_arboretum_small, layout_basic, serial_shops,
          nicolae_shop_behind_doors, ebering_ecumenical_altar_rust
D:2:      layout_basic
D:3:      layout_rooms, gup_sewer_entry_glass

Skill      XL: |  1  2  3  4  5 |
---------------+----------------+-----
Maces & Flails | 2 3 |  3.1
Shields        | 3 |  3.7
Armour         | 3 |  3.7
Fighting       | 4 |  4.1

Action                   |  1- 3 |  4- 6 || total
-------------------------+-------+-------++-------
Melee: Flail             |   125 |   156 ||   281
       Kick              |       |    30 ||    30
  Use: Scroll            |     5 |       ||     5
       Potion            |     4 |       ||     4
Armor: Scale mail        |    71 |   127 ||   198
Dodge: Dodged            |    56 |   140 ||   196
Block: Buckler           |    30 |    55 ||    85
